 Dungeon Crawl Stone Soup version 0.31-a0-803-g95b03c3367 (webtiles) character file.

Game seed: 480526029860488901

38 Anon1729 the Trooper (level 3, -4/33 HPs)
             Began as a Minotaur Monk on Sept 20, 2023.
             Slain by Terence
             ... wielding a +0 mace
              (7 damage)
             ... on level 2 of the Dungeon.
             The game lasted 00:00:38 (639 turns).

Anon1729 the Trooper (Minotaur Monk)                 Turns: 639, Time: 00:00:38

Health: -4/33      AC:  2    Str: 15    XL:     3   Next: 25%
Magic:  2/2        EV: 13    Int:  7    God:
Gold:   82         SH:  0    Dex: 14    Spells: 2/2 levels left

rFire   . . .        a - +0 falchion
rCold   . . .        d - orb {light}
rNeg    . . .        b - +0 robe
rPois   .            (helmet restricted)
rElec   .            j - scarf {shadows}
rCorr   +            (no gloves)
SInv    .            (no boots)
Will    .....        (no amulet)
Stlth   +            e - ring of resist corrosion
HPRegen 0.25/turn    (no ring)
MPRegen 0.08/turn

%: no passive effects
@: glowing
A: horns 2, retaliatory headbutt
a: no special abilities


You were on level 2 of the Dungeon.
You visited 1 branch of the dungeon, and saw 2 of its levels.

You collected 82 gold pieces.

Inventory:

Hand Weapons
 a - a +0 falchion (weapon)
Armour
 b - a +0 robe (worn)
 d - an orb of light (worn)
 j - a scarf of shadows (worn)
Jewellery
 e - a ring of resist corrosion (left hand)
Scrolls
 g - a scroll of enchant armour {unknown}
 i - a scroll of teleportation {unknown}
 k - a scroll of identify {unknown}
Potions
 f - a potion of curing {unknown}
 h - a potion of mutation {unknown}


   Skills:
 + Level 4.3 Fighting
 + Level 4.2 Long Blades
 + Level 3.8 Dodging


You had 2 spell levels left.
You didn't know any spells.
Your spell library was empty.

Dungeon Overview and Level Annotations

Branches:
Dungeon (2/15)

Altars:

Annotations:
D:2 Terence


Innate Abilities, Weirdness & Mutations

You have a pair of horns on your head.
You reflexively headbutt those who attack you in melee.


Message History

You hit the kobold. Your headbutt misses the kobold.
The kobold is heavily wounded.
The kobold hits you with a +0 short sword.
You hit the kobold.
The kobold is severely wounded.
The kobold hits you but does no damage.
You hit the kobold.
You kill the kobold!
You are confused.
You feel invigorated. Terence hits you with a +0 mace.
You bump into the rock wall.
Terence barely misses you.
You hit Terence. You headbutt Terence, but do no damage.
Terence is moderately wounded.
Terence completely misses you.
You bump into the rock wall.
Terence hits you with a +0 mace! Terence attacks as he pursues you!
Terence hits you with a +0 mace!
You closely miss Terence.
Terence is moderately wounded.
Terence hits you with a +0 mace!
You bump into the rock wall.
You feel less invigorated.
You feel less confused. Terence barely misses you.
You hit Terence.
Terence is heavily wounded.
Terence hits you with a +0 mace. Terence hits you with a +0 mace!
* * * LOW HITPOINT WARNING * * *
You hit Terence. You headbutt Terence, but do no damage.
Terence is severely wounded.
Terence barely misses you.
You hit Terence.
Terence is severely wounded.
Terence barely misses you.
You barely miss Terence. Your headbutt misses Terence.
Terence is severely wounded.
Terence hits you with a +0 mace.
* * * LOW HITPOINT WARNING * * *
You hit Terence but do no damage.
Terence is severely wounded.
Terence hits you with a +0 mace!
You die...

#.....###..............#
............>.##.......#
..#.#####.##..##.......#
....#...#.##..##.......#
..###.#.#.##..##.......#
..# #.....##..#........#
..#####†####..+....#####
..#.....####.##....######
..#.#####.....#.@.......#
.<#.# #..#@##......#
###.# #..).##......#
....# #.#####......#
##### .. #......# #######
... #......# ......# ?.
######## ......# .
......#


You could see Terence.

Vanquished Creatures
  2 dart slugs
  3 bats
  3 endoplasms
  3 goblins (D:1)
  6 hobgoblins
  2 jackals (D:1)
  2 quokkas (D:1)
  2 ball pythons (D:1)
  3 kobolds
  3 rats
29 creatures vanquished.

Notes
Turn   | Place    | Note
-------+----------+-------------------------------------------
     0 | D:1      | Anon1729 the Minotaur Monk began the quest for the Orb.
     0 | D:1      | Reached XP level 1. HP: 19/19 MP: 0/0
    91 | D:1      | Reached XP level 2. HP: 23/27 MP: 1/1
   269 | D:1      | Found Pihal Ilae's Book Emporium.
   491 | D:2      | Reached XP level 3. HP: 33/33 MP: 2/2
   613 | D:2      | Noticed Terence
   639 | D:2      | Slain by Terence

Illustrated notes

Levels and vault maps discovered:
D:1:      minmay_arrival_checkered_box, layout_rooms, serial_shops, shop,
          minmay_misc_feat_rows
D:2:      layout_basic, uniq_terence

Skill      XL: |  1  2 |
---------------+-------+-----
Fighting       | 4 |  4.3
Long Blades    | 4 |  4.2
Dodging        | |  3.8

Action                     || total
---------------------------++-------
  Melee: Falchion          ||    70
         Headbutt          ||    19
    Use: Potion            ||     1
 Armour: Robe              ||    40
  Dodge: Dodged            ||    34

Table legend: (Time is in decaauts)
 A = Elapsed time spent in this place.
 B = Non-inter-level travel time spent in this place.
 C = Inter-level travel time spent in this place.
 D = Time resting spent in this place.
 E = Time spent auto-exploring this place.
 F = Levels seen in this place.
 G = Mean time per level.
                   A        B        C        D        E       F      G
               +--------+--------+--------+--------+--------+-----+--------+
         Total |    645 |    602 |     43 |      0 |    440 |   2 |  322.5 |
       Dungeon |    645 |    602 |     43 |      0 |    440 |   2 |  322.5 |
               +--------+--------+--------+--------+--------+-----+--------+

Top non-repeatable levels by time:
     D:1: 490 daAuts
     D:2: 155 daAuts
